 Dungeon Crawl Stone Soup version 0.32-a0-42-ga30500b4d3 (webtiles) character file.

Game seed: 13127264819621987084

115 grandjackal the Trooper (level 4, -2/35 HPs)
             Began as a Demonspawn Gladiator on Jan 30, 2024.
             Slain by a gnoll
             ... wielding a +0 club
              (8 damage)
             ... on level 3 of the Dungeon.
             The game lasted 00:02:00 (1492 turns).

grandjackal the Trooper (Demonspawn Gladiator)      Turns: 1492, Time: 00:02:01

Health: -2/35      AC:  8    Str: 16    XL:     4   Next: 68%
Magic:  4/4        EV: 12    Int:  8    God:
Gold:   75         SH:  0    Dex: 15    Spells: 3/3 levels left

rFire   . . .        a - +0 long sword
rCold   . . .        (no shield)
rNeg    . . .        b - +0 leather armour
rPois   .            c - +0 helmet
rElec   .            (no cloak)
rCorr   .            j - +0 pair of gloves
SInv    .            (no boots)
Will    .....        (no amulet)
Stlth   +            (no ring)
HPRegen 0.25/turn    (no ring)
MPRegen 0.09/turn

%: no passive effects
@: no status effects
A: icy blue scales 2, powered by pain 1
a: no special abilities


You were on level 3 of the Dungeon.
You visited 1 branch of the dungeon, and saw 3 of its levels.

You collected 117 gold pieces.
You spent 42 gold pieces at shops.

Inventory:

Hand Weapons
 a - a +0 long sword (weapon)
 m - a +0 spear
Missiles
 d - 3 throwing nets (quivered)
 e - a javelin
Armour
 b - a +0 leather armour (worn)
 c - a +0 helmet (worn)
 j - a +0 pair of gloves (worn)
Scrolls
 i - a scroll of amnesia {unknown}
 n - 2 scrolls of identify {unknown}
 o - a scroll of teleportation {unknown}
 p - a scroll of vulnerability {unknown}
 r - a scroll of enchant weapon {unknown}
 s - a scroll of enchant armour {unknown}
 t - a scroll of poison {unknown}
Potions
 f - a potion of mutation {unknown}
 g - a potion of brilliance {unknown}
 h - a potion of haste {unknown}
 k - a potion of ambrosia {unknown}
 l - 2 potions of magic {unknown}
 q - 2 potions of curing


   Skills:
 + Level 3.5 Fighting
 - Level 3.0 Long Blades
 + Level 1.9 Polearms
 - Level 2.0 Throwing
 - Level 3.0 Dodging


You had 3 spell levels left.
You didn't know any spells.
Your spell library contained the following spells:

 Spells                   Type           Power      Damage    Failure   Level
 Mercury Vapours          Alch/Air       0%         N/A       63%         2
 Mephitic Cloud           Conj/Alch/Air  0%         N/A       85%         3
 Animate Armour           Summ/Erth      0%         N/A       99%         4
 Summon Lightning Spire   Summ/Air       0%         N/A       99%         4
 Freezing Cloud           Conj/Ice/Air   0%         6-21      100%        5
 Lee's Rapid Deconstruct  Erth           0%         3d4*      100%        5


Dungeon Overview and Level Annotations

Branches:
Dungeon (3/15)

Altars:

Shops:
D:1 *   D:2 =


Innate Abilities, Weirdness & Mutations

You are mostly covered in icy blue scales. (AC +3)
You sometimes gain a little power by taking damage.


Message History

A frilled lizard comes into view.
You closely miss the gnoll. The gnoll hits you with a +0 spear.
You hit the gnoll.
The gnoll is moderately wounded.
The gnoll hits you with a +0 spear.
You slash the gnoll!
You kill the gnoll!
The hobgoblin barely misses you.
You slash the hobgoblin!
You kill the hobgoblin!
You hit the gnoll.
The gnoll is moderately wounded.
The gnoll closely misses you.
The frilled lizard hisses.
You barely miss the gnoll.
The gnoll is moderately wounded.
The gnoll hits you with a +0 club.
You closely miss the gnoll.
The gnoll is moderately wounded.
The gnoll barely misses you.
You barely miss the gnoll.
The gnoll is moderately wounded.
The gnoll hits you with a +0 club. x2
You are too injured to fight recklessly!
You are too injured to fight recklessly!
You are too injured to fight recklessly!
You hit the gnoll.
The gnoll is heavily wounded.
The gnoll completely misses you.
You completely miss the gnoll.
The gnoll is heavily wounded.
The gnoll hits you with a +0 club.
You hit the gnoll but do no damage.
The gnoll is heavily wounded.
The gnoll closely misses you. The gnoll hits you with a +0 club.
* * * LOW HITPOINT WARNING * * *
You hit the gnoll.
The gnoll is heavily wounded.
The gnoll hits you with a +0 club!
You die... ..###################### .....lg@................ ##'#####################

You could see a gnoll and a frilled lizard.

Vanquished Creatures
  4 adders (D:2)
  3 gnolls
  3 dart slugs
  4 endoplasms
  A giant cockroach (D:1)
  7 goblins
  5 hobgoblins
  4 jackals (D:2)
  A quokka (D:3)
  4 bats
  A frilled lizard (D:2)
  6 kobolds
  5 rats
48 creatures vanquished.

Notes
Turn   | Place    | Note
-------+----------+-------------------------------------------
     0 | D:1      | grandjackal the Demonspawn Gladiator began the quest for
                  | the Orb.
     0 | D:1      | Reached XP level 1. HP: 16/16 MP: 1/1
   145 | D:1      | Gained mutation: You are partially covered in icy blue
                  | scales. (AC +2) [demonic ancestry]
   145 | D:1      | Reached XP level 2. HP: 21/22 MP: 2/2
   331 | D:1      | Found Olanaick's General Store.
   505 | D:1      | Gained mutation: You sometimes gain a little power by
                  | taking damage. [demonic ancestry]
   505 | D:1      | Reached XP level 3. HP: 28/28 MP: 3/3
   757 | D:2      | Found Piloc's Jewellery Shoppe.
   871 | D:2      | Reached skill level 1 in Polearms
   933 | D:1      | Bought a potion of curing for 42 gold pieces
  1003 | D:2      | Gained mutation: You are mostly covered in icy blue scales.
                  | (AC +3) [demonic ancestry]
  1003 | D:2      | Reached XP level 4. HP: 35/35 MP: 4/4
  1492 | D:3      | Slain by a gnoll

Illustrated notes

Levels and vault maps discovered:
D:1:      tarquinn_simple_flora_water_d, layout_loops_ring, serial_shops, shop,
          serial_bayou, serial_bayou_pond_e, serial_bayou_pond_c,
          serial_bayou_pond_e, serial_bayou_shore_b
D:2:      layout_basic, serial_shops, shop
D:3:      layout_basic, nicolae_ashenzari_panopticon, uniq_crazy_yiuf_cottage

Skill      XL: |  1  2  3 |
---------------+----------+-----
Throwing       | 2 |  2.0
Long Blades    | 3 |  3.0
Dodging        | 3 |  3.0
Polearms       | 1 |  1.9
Fighting       | 3 |  3.5

Action                     |  1- 3 |  4- 6 || total
---------------------------+-------+-------++-------
  Melee: Long sword        |   106 |    38 ||   144
 Armour: Leather armour    |    72 |    32 ||   104
  Dodge: Dodged            |    70 |    24 ||    94

Table legend: (Time is in decaauts)
 A = Elapsed time spent in this place.
 B = Non-inter-level travel time spent in this place.
 C = Inter-level travel time spent in this place.
 D = Time resting spent in this place.
 E = Time spent auto-exploring this place.
 F = Levels seen in this place.
 G = Mean time per level.
                   A        B        C        D        E       F      G
               +--------+--------+--------+--------+--------+-----+--------+
         Total |   1533 |   1373 |    160 |     23 |    974 |   3 |  511.0 |
       Dungeon |   1533 |   1373 |    160 |     23 |    974 |   3 |  511.0 |
               +--------+--------+--------+--------+--------+-----+--------+

Top non-repeatable levels by time:
     D:1: 824 daAuts
     D:2: 630 daAuts
     D:3: 78 daAuts
